 Dungeon Crawl Stone Soup version 0.26.0-16-gc1dbca0489 (webtiles) character file.

Game seed: 13272028084755988490

695 thiole the Sneak (level 7, 0/61 HPs)
             Began as an Octopode Hedge Wizard on Jan 21, 2021.
             Was an Initiate of Gozag.
             Succumbed to a scorpion's poison
             ... on level 5 of the Dungeon.
             The game lasted 00:15:31 (5925 turns).

thiole the Sneak (Octopode Hedge Wizard)            Turns: 5925, Time: 00:15:32

Health: 0/61       AC: 23    Str:  7 (10) XL:     7   Next: 64%
Magic:  7/13       EV:  2    Int: 17 (18) God:    Gozag
Gold:   189        SH:  0    Dex:  9 (11) Spells: 7/15 levels left

rFire    . . .     SeeInvis .   h - +1 dagger (drain)
rCold    . . .     Faith    .   (no shield)
rNeg     + + +     Spirit   .   (helmet currently unavailable)
rPois    +         Reflect  .   (no amulet)
rElec    .         Harm     .   (no ring)
rCorr    .         Rampage  .   (no ring)
Will     .....     NoTele   +   (no ring)
Stlth    +++.......             (no ring)
HPRegen  0.20/turn              (no ring)
MPRegen  0.13/turn              (no ring)
                                (no ring)
                                (no ring)

@: mighty, brilliant, lethally poisoned (0 -> -3), tree-form, hasted, very quick
A: almost no armour, stealthy swim, (amphibious), 8 rings, (constrict 8)
a: Renounce Religion, Potion Petition, Call Merchant, Bribe Branch


You were on level 5 of the Dungeon.
You worshipped Gozag.
Gozag was aware of your devotion.
You were a tree.
You visited 2 branches of the dungeon, and saw 6 of its levels.

You collected 220 gold pieces.
You paid 31 gold pieces to Gozag.

Inventory:

Hand Weapons
 a - a +0 dagger
 h - a +1 dagger of draining (weapon)
Armour
 b - a +0 hat (melded)
Jewellery
 x - the ring of the Firefly {MP+9 Str+4 Int+6 Stlth+}
   (You found it on level 5 of the Dungeon)

   [ring of intelligence]

   It affects your strength (+4).
   It affects your intelligence (+6).
   It affects your magic capacity (+9).
   It makes you more stealthy.
Wands
 t - a wand of enslavement (8)
 u - a wand of digging (1)
Scrolls
 d - 3 scrolls of remove curse
 i - 2 scrolls of enchant weapon {unknown}
 j - 2 scrolls of teleportation {unknown}
 l - 2 scrolls of immolation
 m - a scroll of amnesia {unknown}
 p - a scroll of fear {unknown}
 q - a scroll of magic mapping {unknown}
 s - a scroll of noise {unknown}
 v - a scroll of blinking {unknown}
 w - a scroll of enchant armour {unknown}
Potions
 e - 2 potions of lignification


   Skills:
 - Level 2.0 Dodging
 + Level 5.9 Stealth
 + Level 4.6 Spellcasting
 - Level 2.0 Conjurations
 - Level 2.0 Summonings
 - Level 1.0 Translocations
 * Level 4.8 Air Magic
 - Level 2.0 Poison Magic


You had 7 spell levels left.
You knew the following spells:

 Your Spells              Type           Power        Failure   Level
a - Magic Dart            Conj           64%          7%          1
b - Call Imp              Summ           16%          10%         2
c - Slow                  Hex            5%           22%         2
d - Mephitic Cloud        Conj/Pois/Air  21%          13%         3

Your spell library contained the following spells:

 Spells                   Type           Power        Failure   Level
 Blink                    Tloc           N/A          14%         2
 Sandblast                Erth           10%          16%         1
 Passwall                 Tmut/Erth      4%           22%         2
 Conjure Flame            Conj/Fire      11%          30%         3
 Stone Arrow              Conj/Erth      22%          30%         3
 Petrify                  Tmut/Erth      5%           83%         4
 Lee's Rapid Deconstruct  Erth           2%           99%         5


Dungeon Overview and Level Annotations

Branches:
Dungeon (5/15)             Temple (1/1) D:4

Altars:
Ashenzari
Elyvilon
Fedhas
Gozag
Okawaru
Ru
Sif Muna
Uskayaw
Vehumet
Wu Jian
Xom
Yredelemnul
The Shining One


Innate Abilities, Weirdness & Mutations

You cannot wear most types of armour.
You are very stealthy in the water. (Stealth+)
((You are amphibious.))
You can wear up to eight rings at the same time.
((You can use your tentacles to constrict eight enemies at once.))
((Your skin changes colour to match your surroundings (Stealth+).))
((Your rubbery body absorbs attacks. (AC +1, EV +1)))


Message History

It was a potion of haste.
You feel yourself speed up.
* * * LOW HITPOINT WARNING * * *
You feel sick.
It was a potion of degeneration.
There was something very wrong with that liquid.
You feel weakened.
You feel dopey.
You feel clumsy.
It was a potion of flight.
Your roots keep you in place.
* * * LOW HITPOINT WARNING * * *
You feel sick.
It was a potion of might.
You feel very mighty all of a sudden.
* * * LOW HITPOINT WARNING * * *
You feel sick.
* * * LOW HITPOINT WARNING * * *
You feel sick.
You feel more clever all of a sudden.
* * * LOW HITPOINT WARNING * * *
You feel sick.
You die...
Your body crumbles into a pile of gold.

........##>......
.......$.$.......
#.##...#....#..# .
#.##.......>... ...
##.###.......###....
#........#..........
........#.....####.
.......##.....####
......###.......♣#
......#
#.....##........
.....##
#...).###....... $
.....## #######
....... ......#
#..#... ......# .##
.. ......# .# .
.....## .# #...##


There were no monsters in sight!

Vanquished Creatures
  A bullfrog (D:4)
  2 scorpions
  A bullfrog zombie (D:5)
  A bullfrog skeleton (D:5)
  A hound (D:5)
  An orc wizard (D:5)
  2 worker ants
  Robin (D:4)
  9 adders
  3 gnolls
  2 oozes
  An adder skeleton (D:5)
  A worm (D:5)
  4 dart slugs (D:1)
  3 leopard geckos
  6 orcs
  3 ball pythons
  11 bats
  3 giant cockroaches
  10 goblins
  6 hobgoblins
  6 jackals
  8 kobolds
  5 quokkas
  5 frilled lizards
  11 rats
107 creatures vanquished.

Vanquished Creatures (collateral kills)
  A phantom (D:4)
  2 iguanas (D:4)
  2 gnolls (D:4)
  A dart slug (D:4)
  A giant cockroach (D:2)
  7 goblins (D:4)
  3 hobgoblins (D:4)
17 creatures vanquished.

Grand Total: 124 creatures vanquished

Notes
Turn   | Place    | Note
-------+----------+-------------------------------------------
     0 | D:1      | thiole the Octopode Hedge Wizard began the quest for the
                  | Orb.
     0 | D:1      | Reached XP level 1. HP: 11/11 MP: 4/4
    29 | D:1      | Reached XP level 2. HP: 9/17 MP: 4/6
   267 | D:1      | Reached skill level 3 in Stealth
   647 | D:1      | Reached XP level 3. HP: 21/21 MP: 1/7
   650 | D:1      | Learned a level 2 spell: Call Imp
   653 | D:1      | Learned a level 2 spell: Slow
   657 | D:1      | Learned a level 3 spell: Mephitic Cloud
  1328 | D:1      | Reached XP level 4. HP: 27/27 MP: 4/8
  1624 | D:2      | Reached skill level 1 in Air Magic
  1879 | D:2      | Reached skill level 1 in Poison Magic
  2405 | D:2      | Reached XP level 5. HP: 29/31 MP: 4/10
  2657 | D:2      | Reached skill level 4 in Stealth
  2961 | D:2      | Found a sacrificial altar of Ru.
  2961 | D:2      | Found a broken altar of Ashenzari.
  3151 | D:2      | Became a worshipper of Ru the Awakened
  3257 | D:3      | Found a broken altar of Ashenzari.
  3312 | D:3      | Reached XP level 6. HP: 23/36 MP: 1/11
  4361 | D:4      | Noticed a phantom
  4376 | D:4      | Noticed a phantom
  4623 | D:4      | Reached skill level 5 in Stealth
  4767 | D:4      | Fell from the grace of Ru
  4904 | D:4      | Noticed Robin
  4914 | D:4      | Reached XP level 7. HP: 25/41 MP: 5/13
  4930 | D:4      | Killed Robin
  5036 | D:4      | Found a staircase to the Ecumenical Temple.
  5046 | Temple   | Entered the Ecumenical Temple
  5075 | Temple   | Became a worshipper of Gozag Ym Sagoz the Greedy
  5573 | D:5      | Entered Level 5 of the Dungeon
  5839 | D:5      | Got a pitted bronze ring
  5843 | D:5      | Identified the ring of the Firefly {MP+9 Str+4 Int+6
                  | Stlth+} (You found it on level 5 of the Dungeon)
  5915 | D:5      | HP: 3/61 [poisoned by a scorpion]
  5919 | D:5      | HP: 1/61 [poisoned by a scorpion]
  5925 | D:5      | Succumbed to a scorpion's poison

Illustrated notes

Levels and vault maps discovered:
D:1:      nicolae_arrival_memento_mori, layout_loops_ring,
          hangedman_feature_mirror
D:2:      layout_basic, chequers_temple_overflow_statue_of_worship
D:3:      layout_rooms, nicolae_ashenzari_panopticon
D:4:      layout_basic, minmay_temple_entry_offerings, uniq_robin
D:5:      layout_rooms, ebering_ghost_reflecting_pool, uniq_grinder, uniq_ijyb
Temple:   regret_index_temple_mists

Skill      XL: |  1  2  3  4  5  6  7 |
---------------+----------------------+-----
Stealth        | 3 4 5 |  5.9
Summonings     | 2 |  2.0
Conjurations   | 2 |  2.0
Air Magic      | 1 2 3 4 |  4.8
Poison Magic   | 1 2 |  2.0
Spellcasting   | 4 |  4.6
Dodging        | |  2.0
Translocations | |  1.0

Action                   |  1- 3 |  4- 6 |  7- 9 || total
-------------------------+-------+-------+-------++-------
Melee: Dagger            |    41 |    86 |    50 ||   177
       Tentacles         |     5 |     8 |     8 ||    21
       Constrict         |     8 |    16 |     9 ||    33
 Cast: Magic Dart        |    69 |   134 |    15 ||   218
       Call Imp          |       |    13 |     9 ||    22
       Slow              |       |     3 |     3 ||     6
Invok: Renounce Religion |       |     1 |       ||     1
  Use: Potion            |       |     1 |    10 ||    11
       Scroll            |       |     1 |     3 ||     4
 Stab: Sleeping          |       |       |     5 ||     5
       Distracted        |       |       |     1 ||     1
Armor: Skin              |     5 |     4 |     3 ||    12
Dodge: Dodged            |    30 |    53 |    18 ||   101
